 Dungeon Crawl Stone Soup version 0.14.0-12-g87ee3b7 (webtiles) character file.

348621 MDvedh the Slayer (level 23, -7/209 HPs)
             Began as a Human Berserker on Apr 17, 2014.
             Was the Champion of Trog.
             Mangled by a deep troll (21 damage)
             ... on Level 3 of the Depths.
             The game lasted 03:01:10 (59770 turns).

MDvedh the Slayer (Human Berserker)                Turns: 59770, Time: 03:01:10

HP  -7/209       AC 27     Str 31      XL: 23   Next: 14%
MP  21/21        EV  7     Int  7      God: Trog [******]
Gold 1591        SH 49     Dex 15      Spells:  0 memorised, 22 levels left

rFire  + . .     SeeInvis .     u - +8,+9 demon whip (freeze)
rCold  + . .     Clarity  .     w - +3 plate armour {rF+}
rNeg   + . .     Conserve .     H - +0 large shield
rPois  .         rCorr    .     e - +0 helmet (curse)
rElec  .         rRot     .     j - +2 cloak "Laleeg" {Acc+5 Stlth++}
SustAb . .       Spirit   .     F - +0 pair of gloves {Str+3}
rMut   .         Warding  .     (no boots)
Gourm  +         Stasis   .     J - amulet "Vulaosas" {Gourm +Blink +Rage +Inv rC+ rN+}
MR     ++...                    K - ring of Viaw {MR+ Str+2}
                                b - ring of regeneration

@: exhausted, slowed, very slow, very resistant to hostile enchantments,
extremely unstealthy
A: hooves 1
a: Burn Spellbooks, Berserk, Trog's Hand, Brothers in Arms, Renounce Religion,
Evoke Blink, Evoke Berserk Rage, Evoke Invisibility
}: 2/15 runes: barnacled, gossamer


You were on level 3 of the Depths.
You worshipped Trog.
Trog was exalted by your worship.
You were very full.

You visited 7 branches of the dungeon, and saw 44 of its levels.
You also visited: Sewer.

You collected 4261 gold pieces.
You spent 2670 gold pieces at shops.

Inventory:

Hand weapons
 d - a +3,+1 vampiric demon whip
 u - a +8,+9 demon whip of freezing (weapon)
 C - the +1,+5 hammer "Tioreur" {elec, rF+ rC+}
   (You found it on level 4 of the Dungeon)

   Occasionally, upon striking a foe, it will discharge some electrical energy
   and cause terrible harm.
   It protects you from fire.
   It protects you from cold.
 T - a +1,+4 demon whip of slashing
Armour
 e - a cursed +0 helmet (worn)
 j - the +2 cloak "Laleeg" (worn) {Acc+5 Stlth++}
   (You bought it in a shop on level 4 of the Orcish Mines)

   It affects your accuracy with ranged weapons and melee attacks (+5).
   It makes you much more stealthy.
 w - a +3 plate armour of fire resistance (worn)
 F - a +0 pair of gloves of strength (worn)
 H - a +0 large shield (worn)
Magical devices
 n - a wand of magic darts (9)
 s - a wand of teleportation (6)
 A - a wand of disintegration (17)
 N - a wand of heal wounds (3)
Comestibles
 k - 5 meat rations
 l - a choko
 t - 20 bread rations
 x - 4 chunks of frost giant flesh
 D - a beef jerky
 G - 22 grapes
Scrolls
 c - 6 scrolls of remove curse
 m - 2 scrolls of summoning
 q - 3 scrolls of fog
 y - 3 scrolls of magic mapping
 M - 2 scrolls of teleportation
 R - a scroll of fear
 U - a scroll of identify
 W - 2 scrolls of blinking
Jewellery
 b - a ring of regeneration (left hand)
 h - an uncursed ring of positive energy
 r - the ring of Pimnuth {Str+2 Dex+2 Acc+2}
   (You bought it in a shop on level 4 of the Orcish Mines)

   [ring of strength]

   It affects your strength (+2).
   It affects your dexterity (+2).
   It affects your accuracy with ranged weapons and melee attacks (+2).
 v - an uncursed amulet of stasis
 B - an uncursed ring of poison resistance
 E - a +4,+5 ring of slaying
 I - an uncursed amulet of resist corrosion
 J - the amulet "Vulaosas" (around neck) {Gourm +Blink +Rage +Inv rC+ rN+}
   (You found it on level 9 of the Dungeon)

   [amulet of the gourmand]

   It protects you from cold.
   It protects you from negative energy.
   It lets you turn invisible.
   It lets you blink.
   It lets you go berserk.
 K - the ring of Viaw (right hand) {MR+ Str+2}
   (You bought it in a shop on level 14 of the Dungeon)

   [ring of protection from magic]

   It affects your strength (+2).
 L - the amulet "Docvuoli" {Faith rC-}
   (You found it on level 2 of the Depths)

   [amulet of faith]

   It makes you vulnerable to cold.
 S - an uncursed ring of protection from fire
 Z - an uncursed ring of protection from magic
Potions
 a - a potion of flight
 f - 6 potions of curing
 g - 2 potions of restore abilities
 i - 2 potions of magic
 o - a potion of berserk rage
 p - a potion of might
 z - a potion of agility
 Q - 2 potions of resistance
 X - 2 potions of invisibility
Miscellaneous
 V - a fan of gales


   Skills:
 - Level 23.8 Fighting
 - Level 14.0 Maces & Flails
 - Level 16.5 Armour
 - Level 2.0 Dodging
 + Level 19.1 Shields


You had 22 spell levels left.
You didn't know any spells.

Dungeon Overview and Level Annotations

Branches:
Dungeon (15/15)            Temple (0/1) D:4             Orc (4/4) D:11
    Elf (0/3) Orc:4          Lair (8/8) D:9          Shoals (5/5) Lair:5
 Spider (5/5) Lair:6        Slime (0/6) Lair:6       Vaults (4/5) D:14
  Blade (0/1) Vaults:3      Crypt (0/5) Vaults:3     Depths (3/5) D:15

Altars:
Ashenzari
Cheibriados
Dithmenos
Elyvilon
Okawaru
Vehumet
Xom
Zin

Shops:
D:14 *   Orc:2 *   Orc:4 (=[*   Shoals:1 *   Vaults:1 *   Vaults:2 (=
Vaults:4 :   Depths:2 (?

Portals:
Hell: Depths:1 Depths:2

Annotations:
Shoals:2 Nikola


Innate Abilities, Weirdness & Mutations

You have large cloven feet.


Message History

You feel yourself slow down.
Things that are here:
a dagger; a robe Unknown command.
Drink which item? (? for menu, Esc to quit)
Okay, then.
Evoke which item? (* to show all) (? for menu, Esc to quit)
Zapping:
N - a wand of heal wounds (4)
Press: ? - help, Shift-Dir - straight line, f - you You feel much better.
This wand has 3 charges left.
You block the deep troll's attack. x2
The deep troll claws you!
* * * LOW HITPOINT WARNING * * *
The deep troll bites you but does no damage.
The deep troll claws you!
* * * LOW HITPOINT WARNING * * *
You block the deep troll's attack.
The deep troll bites you but does no damage.
The deep troll claws you!
You die...

###### .....# ##.....#
........# ##.....#
.........# ##.....#
#.........# ##.....#
#.........# ##.....#####
#.........# ##..........#
#.....)...###.).<..##+++#
#.........##..)T@.#
#.........#....TT##
................##
.............E.##
............E.#
..........%..##
............##
#..........##
##........##


You could see 2 deep trolls, a deep troll earth mage and 2 water elementals.

Vanquished Creatures
  Margery (Vaults:4)
  Mara (Spider:5)
  Polyphemus (Shoals:2)
  A sphinx (Depths:1)
  A storm dragon (Depths:1)
  Rupert (Shoals:2)
  Frances (D:14)
  3 tengu reavers
  A thorn hunter (Depths:2)
  Ilsuiw (Shoals:3)
  2 frost giants
  Wiglaf (Depths:3)
  3 fire giants
  9 vault wardens
  3 ghost moths
  Aizul (Shoals:1)
  4 emperor scorpions
  An orc warlord (Orc:4)
  2 deep elf demonologists (Vaults:1)
  2 spriggan defenders (Depths:2)
  10 stone giants
  6 dire elephants
  A deep elf annihilator (Vaults:4)
  A white draconian (shapeshifter) (Depths:2)
  5 merfolk javelineers (Shoals:5)
  2 jiangshi (Depths:1)
  An unborn (Vaults:3)
  5 vault guards
  A minotaur (Depths:1)
  A crystal guardian (Vaults:4)
  6 fire dragons
  4 ettins
  4 deep elf death magi
  16 ironheart preservers
  7 yaktaur captains
  6 merfolk impalers
  4 sirens
  2 great orbs of eyes (Vaults:2)
  Fannar (Lair:6)
  17 ogre magi
  A rakshasa (Depths:1)
  An ice dragon (Vaults:4)
  Nessos (Spider:2)
  2 dancing weapons (Vaults:3)
  An anaconda (Lair:8)
  Erica (Lair:3)
  6 hydras
  4 merfolk aquamancers (Shoals:5)
  5 spriggan air magi
  The ghost of Ragg the Arsonist, an experienced HOFE of Vehumet (D:8)
  3 spectral elves (Vaults:2)
  2 tengu warriors (Depths:1)
  A deep dwarf death knight (Vaults:3)
  14 centaur warriors
  6 deep troll shamans
  3 satyrs
  9 deep troll earth magi
  4 catoblepae
  29 death yaks
  2 hell knights (Vaults:4)
  2 spriggan berserkers (Depths:2)
  3 very ugly things (Depths:1)
  A vampire mage (Depths:1)
  Nergalle (Lair:7)
  A fire crab (Vaults:4)
  2 shadow wraiths
  4 skeletal warriors (Vaults:2)
  A flayed ghost (Vaults:3)
  A storm dragon skeleton (Depths:3)
  19 deep trolls
  A golden dragon zombie (Depths:3)
  3 iron trolls
  A water nymph (Shoals:3)
  9 orb spiders
  7 sea snakes
  2 spectral humans (Vaults:2)
  6 large abominations
  2 deep elf summoners
  4 unseen horrors
  13 hill giants
  11 ironbrand convokers
  18 harpies
  8 orc sorcerers
  7 orc knights
  4 necromancers
  5 manticores
  3 deep elf conjurers
  29 wolf spiders
  9 cyclopes
  9 red wasps
  4 moths of wrath
  A sphinx skeleton (Depths:3)
  16 fauns
  A spectral fire dragon (Vaults:2)
  15 elephants
  14 griffons
  5 wizards
  11 vault sentinels
  A black mamba (Lair:7)
  2 drowned souls (Shoals:2)
  6 mermaids
  A naga mage (D:15)
  2 gargoyles
  An item mimic (Lair:7)
  A smoke demon (Vaults:1)
  9 spiny frogs
  A queen ant (Lair:6)
  An elf (shapeshifter) (Depths:3)
  A tengu conjurer (Depths:2)
  2 kobold demonologists (Vaults:3)
  42 yaktaurs
  3 harpy zombies (Shoals:4)
  A shadow dragon simulacrum (Depths:3)
  11 demonic crawlers
  A hydra zombie (D:14)
  An iron devil (Depths:2)
  A fire drake (shapeshifter) (Vaults:3)
  A giant firefly (Lair:8)
  21 merfolk
  A boggart (Vaults:1)
  3 deep elf priests
  2 wind drakes
  2 fire drakes
  A jumping spider (shapeshifter) (Vaults:1)
  2 centaur skeletons (D:14)
  A queen bee (shapeshifter) (Vaults:1)
  11 trolls
  9 freezing wraiths
  19 two-headed ogres
  23 slime creatures
  14 jumping spiders
  2 komodo dragons
  A basilisk (shapeshifter) (Vaults:1)
  8 snapping turtles
  3 boulder beetles
  A raven (Depths:1)
  A raven (shapeshifter) (Vaults:3)
  4 brown oozes (Lair:6)
  15 blink frogs
  2 thorn lotuses (Depths:2)
  A vampire (Depths:1)
  61 redbacks
  19 tarantellas
  5 water elementals
  2 basilisks
  3 shadows
  4 wraiths
  A wyvern (Lair:7)
  21 trapdoor spiders
  2 air elementals (Depths:2)
  14 deep elf fighters
  A hill giant zombie (D:11)
  3 steam dragons
  9 deep elf magi
  A spriggan (Lair:8)
  45 yaks
  20 ugly things
  A fire elemental (Depths:2)
  14 hippogriffs
  2 golden eyes (shapeshifter)
  A human (shapeshifter) (Vaults:4)
  8 sharks
  A centaur simulacrum (D:14)
  A hungry ghost (D:11)
  2 mottled dragons
  A wolf (shapeshifter) (Vaults:3)
  3 wolves (Lair:7)
  An iron troll simulacrum (Vaults:1)
  18 vampire mosquitoes
  3 wargs
  3 human zombies
  7 small abominations (D:15)
  8 soldier ants
  14 water moccasins
  35 orc warriors
  10 porcupines
  27 spiders
  3 black bears
  An ettin simulacrum (Vaults:3)
  61 ogres
  7 orc zombies
  3 sky beasts
  16 centaurs
  A vampire mosquito zombie (D:15)
  4 ice beasts
  2 giant goldfish (Spider:5)
  12 crocodiles
  A yaktaur zombie (D:15)
  11 giant slugs
  3 big kobolds
  A boring beetle (Lair:4)
  A giant slug zombie (D:13)
  A gnoll sergeant (D:8)
  18 giant frogs
  An eye of draining (D:14)
  A cyclops skeleton (D:12)
  17 killer bees
  A troll zombie (D:10)
  6 wights
  A hippogriff zombie (Shoals:4)
  7 scorpions
  4 electric eels
  4 goliath beetles
  4 crimson imps
  3 big fish (Sewer)
  3 iron imps (Depths:2)
  5 jellies
  A quasit (D:12)
  Crazy Yiuf (D:4)
  7 iguanas
  20 orc priests
  A centaur zombie (D:8)
  15 hounds
  24 worker ants
  4 orange rats
  25 orc wizards
  An elf skeleton (D:14)
  30 sheep
  2 sky beast zombies
  2 mottled dragon skeletons
  A big kobold skeleton (D:10)
  2 hound skeletons
  25 adders
  7 gnolls (D:8)
  91 green rats
  An orc skeleton (D:12)
  2 giant mites
  4 shadow imps
  An inept item mimic (D:5)
  A goliath beetle zombie (D:13)
  4 worms
  An adder skeleton (D:8)
  5 giant eyeballs
  7 giant geckos
  An ooze (D:3)
  160 orcs
  4 ball pythons
  26 goblins
  16 hobgoblins
  27 jackals
  28 kobolds
  10 quokkas
  25 bats
  3 giant cockroaches
  6 giant newts
  3 giant spores
  A hobgoblin skeleton (D:4)
  34 rats
  A rat zombie (D:7)
  3 ballistomycetes
  A briar patch (Depths:2)
  A fungus (Lair:8)
  25 plants
1959 creatures vanquished.

Vanquished Creatures (collateral kills)
  Norris (Spider:2)
  the Enchantress (Depths:2)
  A thorn hunter (Depths:2)
  A storm dragon (Vaults:4)
  An emperor scorpion (Spider:5)
  Jorgrun (Spider:1)
  A stone giant (Vaults:4)
  A dire elephant (Lair:8)
  A spriggan air mage (Depths:2)
  2 satyrs (Shoals:5)
  A merfolk aquamancer (Shoals:5)
  2 centaur warriors (Vaults:4)
  A deep elf knight (Vaults:4)
  A water nymph (Shoals:5)
  A sea snake (Shoals:1)
  An ironbrand convoker (Vaults:4)
  A necromancer (D:15)
  3 red wasps (Spider:5)
  A mermaid (Shoals:5)
  2 yaktaurs (Vaults:3)
  A centaur zombie (D:15)
  A jumping spider (Spider:1)
  2 snapping turtles (Shoals:5)
  6 redbacks
  A centaur (Vaults:3)
  2 ogres (Vaults:4)
  An orc skeleton (D:15)
  A mottled dragon simulacrum (D:15)
  A briar patch (Depths:2)
41 creatures vanquished.

Vanquished Creatures (others)
  A deep troll (Spider:5)
  A hill giant (Spider:5)
  15 drowned souls
  2 trolls
  A tarantella (Spider:3)
  2 ogres (Shoals:5)
  5 orcs
  13 fungi
  15 plants
55 creatures vanquished.

Grand Total: 2055 creatures vanquished

Notes
Turn   | Place    | Note
--------------------------------------------------------------
     0 | D:1      | MDvedh, the Human Berserker, began the quest for the Orb.
     0 | D:1      | Reached XP level 1. HP: 18/18 MP: 1/1
   240 | D:1      | Reached XP level 2. HP: 16/24 MP: 2/2
   835 | D:2      | Acquired Trog's second power
   876 | D:2      | Reached skill level 4 in Maces & Flails
   876 | D:2      | Reached XP level 3. HP: 29/29 MP: 3/3
   974 | D:2      | Found a white marble altar of Elyvilon.
   975 | D:2      | Found a radiant altar of Vehumet.
  1043 | D:2      | Reached XP level 4. HP: 24/35 MP: 4/4
  1268 | D:2      | Reached skill level 5 in Maces & Flails
  1454 | D:2      | Reached XP level 5. HP: 41/41 MP: 5/5
  2026 | D:3      | Found a shadowy altar of Dithmenos.
  2028 | D:3      | Found a shattered altar of Ashenzari.
  2207 | D:3      | Found a glowing drain.
  2214 | Sewer    | Entered a sewer
  2521 | Sewer    | Reached skill level 6 in Maces & Flails
  2748 | Sewer    | Reached XP level 6. HP: 42/47 MP: 6/6
  3830 | D:3      | Reached skill level 7 in Maces & Flails
  4227 | D:4      | Reached XP level 7. HP: 52/52 MP: 7/7
  4359 | D:4      | Found a staircase to the Ecumenical Temple.
  4433 | D:4      | Reached skill level 8 in Maces & Flails
  4479 | D:4      | Found a white marble altar of Elyvilon.
  4480 | D:4      | Noticed an angel
  4492 | D:4      | Acquired Trog's third power
  5080 | D:4      | Found a snail-covered altar of Cheibriados.
  5318 | D:4      | Got a dazzling hammer
  5326 | D:4      | Noticed Crazy Yiuf
  5330 | D:4      | Killed Crazy Yiuf
  5447 | D:4      | Identified the +1,+5 hammer "Tioreur" {elec, rF+ rC+} (You found it on level 4 of the Dungeon)
  5518 | D:4      | Reached XP level 8. HP: 55/58 MP: 8/8
  5764 | D:5      | Entered Level 5 of the Dungeon
  5791 | D:5      | Reached skill level 9 in Maces & Flails
  6490 | D:6      | Reached skill level 10 in Maces & Flails
  6786 | D:6      | Reached skill level 11 in Maces & Flails
  6786 | D:6      | Reached XP level 9. HP: 52/63 MP: 9/9
  6863 | D:6      | Identified a scroll of acquirement
  7739 | D:8      | Noticed Ragg's ghost (experienced HOFE)
  7767 | D:8      | Killed Ragg's ghost
  7767 | D:8      | Reached skill level 12 in Maces & Flails
  7885 | D:8      | Received a gift from Trog
  7885 | D:8      | Reached XP level 10. HP: 67/70 MP: 10/10
  7953 | D:8      | Reached skill level 13 in Maces & Flails
  8601 | D:8      | Reached skill level 14 in Maces & Flails
  8798 | D:9      | Found a staircase to the Lair.
  8808 | D:9      | Reached skill level 1 in Shields
  8975 | D:9      | Got a slimy ivory amulet
  9067 | D:9      | Received a gift from Trog
  9068 | D:9      | Got a fine morningstar {god gift}
  9069 | D:9      | Identified the -3,+3 morningstar of Vanity {antimagic, rF++} (Trog gifted it to you on level 9 of the Dungeon)
  9463 | D:9      | Identified the amulet "Vulaosas" {Gourm +Blink +Rage +Inv rC+ rN+} (You found it on level 9 of the Dungeon)
  9476 | Lair:1   | Entered Level 1 of the Lair of Beasts
  9680 | Lair:1   | Reached skill level 5 in Shields
  9945 | Lair:1   | Reached XP level 11. HP: 50/75 MP: 11/11
 10426 | Lair:1   | Noticed a seven-headed hydra
 10429 | Lair:1   | Killed a seven-headed hydra
 10537 | Lair:2   | Reached skill level 5 in Armour
 11066 | Lair:2   | Received a gift from Trog
 11702 | Lair:3   | Noticed Erica
 11717 | Lair:3   | Killed Erica
 11971 | Lair:3   | Noticed a four-headed hydra
 11982 | Lair:3   | Killed a four-headed hydra
 11982 | Lair:3   | Reached skill level 10 in Armour
 11982 | Lair:3   | Reached XP level 12. HP: 61/81 MP: 12/12
 12054 | Lair:3   | Noticed a five-headed hydra
 12061 | Lair:3   | Killed a five-headed hydra
 12264 | Lair:3   | Reached skill level 5 in Fighting
 12835 | Lair:4   | Received a gift from Trog
 12836 | Lair:4   | Got an ichor-stained bardiche {god gift}
 12971 | Lair:4   | Found a glowing silver altar of Zin.
 14152 | Lair:5   | Found a staircase to the Shoals.
 14352 | Lair:5   | Noticed a death yak
 14353 | Lair:5   | Noticed a death yak
 14354 | Lair:5   | Noticed a death yak
 14365 | Lair:5   | Killed a death yak
 14379 | Lair:5   | Killed a death yak
 14415 | Lair:5   | Noticed a death yak
 14416 | Lair:5   | Noticed a death yak
 14438 | Lair:5   | Noticed a death yak
 14459 | Lair:5   | Killed a death yak
 14465 | Lair:5   | Killed a death yak
 14470 | Lair:5   | Killed a death yak
 14479 | Lair:5   | Killed a death yak
 14479 | Lair:5   | Reached skill level 10 in Fighting
 14479 | Lair:5   | Reached XP level 13. HP: 93/103 MP: 13/13
 14997 | Lair:6   | Noticed Fannar
 15023 | Lair:6   | Killed Fannar
 15146 | Lair:6   | Found a staircase to the Slime Pits.
 15274 | Lair:6   | Found a hole to the Spider Nest.
 15556 | Lair:6   | Received a gift from Trog
 15838 | Lair:6   | Gained mutation: You have large cloven feet. [potion of beneficial mutation]
 16555 | Lair:7   | Reached XP level 14. HP: 100/119 MP: 14/14
 16775 | Lair:7   | Received a gift from Trog
 17094 | Lair:7   | Noticed Nergalle
 17585 | Lair:7   | Killed Nergalle
 17813 | Lair:8   | Entered Level 8 of the Lair of Beasts
 18001 | Lair:8   | Received a gift from Trog
 20128 | D:10     | Entered Level 10 of the Dungeon
 20293 | D:9      | Received a gift from Trog
 21082 | D:11     | Reached XP level 15. HP: 100/126 MP: 15/15
 21281 | D:11     | Found a staircase to the Orcish Mines.
 21323 | D:11     | Received a gift from Trog
 22088 | Orc:1    | Entered Level 1 of the Orcish Mines
 22706 | Orc:1    | Received a gift from Trog
 23756 | Orc:2    | Received a gift from Trog
 23777 | Orc:2    | Found an iron altar of Okawaru.
 24030 | Orc:2    | Found Ritih's Assorted Antiques.
 24068 | Orc:2    | Bought a scroll labeled VOITSE LET for 35 gold pieces
 24068 | Orc:2    | Bought a brown potion for 31 gold pieces
 24068 | Orc:2    | Bought a murky pink potion for 31 gold pieces
 24141 | Orc:4    | Entered Level 4 of the Orcish Mines
 24141 | Orc:4    | Found a staircase to the Elven Halls.
 24574 | Orc:4    | Received a gift from Trog
 24842 | Orc:4    | Found Cruurig's Antique Weapon Shop.
 24959 | Orc:4    | Paralysed by an orc sorcerer for 7 turns
 25121 | Orc:3    | Reached skill level 15 in Fighting
 25231 | Orc:4    | Found Pavuosuo's Jewellery Emporium.
 25679 | Orc:4    | Found Xoeri's Antique Armour Boutique.
 25705 | Orc:4    | Bought a transparent cloak for 313 gold pieces
 25708 | Orc:4    | Identified the +2 cloak "Laleeg" {Acc+5 Stlth++} (You bought it in a shop on level 4 of the Orcish Mines)
 25777 | Orc:4    | Found an iron altar of Okawaru.
 26147 | Orc:4    | Noticed an orc warlord
 26172 | Orc:4    | Killed an orc warlord
 26290 | Orc:4    | Found Sofaipn's General Store.
 26298 | Orc:4    | Bought a potion of curing for 32 gold pieces
 26298 | Orc:4    | Bought a +3 plate armour of fire resistance for 720 gold pieces
 26338 | Orc:4    | Bought the ring of Pimnuth {Str+2 Dex+2 Acc+2} for 389 gold pieces
 27385 | D:12     | Received a gift from Trog
 27429 | D:12     | Reached skill level 16 in Fighting
 28603 | D:13     | Reached XP level 16. HP: 139/139 MP: 16/16
 28972 | D:14     | Received a gift from Trog
 29126 | D:14     | Found a gate to the Vaults.
 29215 | D:14     | Noticed Frances
 29242 | D:14     | Killed Frances
 29242 | D:14     | Reached skill level 17 in Fighting
 29292 | D:14     | Found Dejucaf's Assorted Antiques.
 29305 | D:14     | Bought a fine pewter ring for 135 gold pieces
 29305 | D:14     | Bought 2 scrolls of identify for 108 gold pieces
 29305 | D:14     | Bought a scroll of teleportation for 81 gold pieces
 29306 | D:14     | Identified the ring of Viaw {MR+ Str+2} (You bought it in a shop on level 14 of the Dungeon)
 30066 | D:15     | Entered Level 15 of the Dungeon
 30432 | D:15     | Found a shimmering altar of Xom.
 30653 | D:15     | Reached skill level 18 in Fighting
 30669 | D:15     | Found a staircase to the Depths.
 30773 | D:15     | Paralysed by a wizard for 5 turns
 30780 | D:15     | Received a gift from Trog
 31547 | Spider:1 | Entered Level 1 of the Spider Nest
 32395 | Spider:2 | Noticed Jorgrun
 32416 | Spider:1 | Killed Jorgrun
 33119 | Spider:2 | Reached skill level 19 in Fighting
 33119 | Spider:2 | Reached XP level 17. HP: 151/153 MP: 17/17
 33477 | Spider:2 | Received a gift from Trog
 33484 | Spider:2 | Noticed Nessos
 33508 | Spider:2 | Killed Nessos
 33540 | Spider:2 | Noticed Norris
 33550 | Spider:2 | Killed Norris
 33587 | Spider:2 | Reached skill level 15 in Armour
 34626 | Spider:3 | Received a gift from Trog
 36365 | Spider:5 | Entered Level 5 of the Spider Nest
 36657 | Spider:5 | Received a gift from Trog
 36933 | Spider:5 | Noticed Mara
 36946 | Spider:5 | Noticed MDvedh's illusion
 36962 | Spider:5 | Killed Mara
 37780 | Spider:5 | Reached XP level 18. HP: 160/160 MP: 18/18
 38517 | Spider:5 | Reached skill level 10 in Shields
 38883 | Spider:5 | Got a gossamer rune of Zot
 39120 | Shoals:1 | Entered Level 1 of the Shoals
 39521 | Shoals:1 | Found Vexziut's Assorted Antiques.
 39526 | Shoals:1 | Bought a scroll of identify for 74 gold pieces
 39594 | Shoals:1 | Noticed Aizul
 39628 | Shoals:1 | Killed Aizul
 39922 | Shoals:1 | Received a gift from Trog
 40501 | Shoals:2 | Noticed Nikola
 40543 | Shoals:2 | Noticed Rupert
 40566 | Shoals:2 | Killed Rupert
 41274 | Shoals:3 | Noticed Ilsuiw
 41274 | Shoals:3 | Noticed Polyphemus
 41339 | Shoals:2 | Killed Polyphemus
 41841 | Shoals:3 | Killed Ilsuiw
 42496 | Shoals:4 | Reached XP level 19. HP: 163/166 MP: 18/18
 42522 | Shoals:5 | Entered Level 5 of the Shoals
 43960 | Shoals:5 | Received a gift from Trog
 44331 | Shoals:5 | Reached skill level 15 in Shields
 45295 | Shoals:5 | Got a barnacled rune of Zot
 45747 | Vaults:1 | Entered Level 1 of the Vaults
 46698 | Vaults:1 | Received a gift from Trog
 47119 | Vaults:1 | Reached skill level 20 in Fighting
 47208 | Vaults:1 | Found Klezopta's General Store.
 47642 | Vaults:1 | Received a gift from Trog
 47934 | Vaults:2 | Reached XP level 20. HP: 123/176 MP: 19/19
 49106 | Vaults:2 | Found Pnatit's Weapon Shop.
 49516 | Vaults:2 | Found Qifiqutu's Jewellery Shoppe.
 49520 | Vaults:2 | Bought an uncursed ring of see invisible for 180 gold pieces
 49520 | Vaults:2 | Bought an uncursed ring of positive energy for 240 gold pieces
 49569 | Vaults:2 | Reached skill level 21 in Fighting
 50196 | Vaults:2 | Received a gift from Trog
 50816 | Vaults:3 | Found a staircase to the Crypt.
 51056 | Vaults:3 | Found a staircase to the Hall of Blades.
 51192 | Vaults:3 | Reached skill level 22 in Fighting
 51765 | Vaults:3 | Reached XP level 21. HP: 103/189 MP: 20/20
 51799 | Vaults:3 | HP: 8/189 [yaktaur/ bolt (15)]
 53351 | Vaults:4 | Received a gift from Trog
 53914 | Vaults:4 | Reached skill level 23 in Fighting
 54045 | Vaults:4 | Found Suepem's Book Shoppe.
 54127 | Vaults:4 | Noticed Margery
 54144 | Vaults:4 | Killed Margery
 54426 | Vaults:4 | Received a gift from Trog
 54597 | Vaults:4 | HP: 9/194 [ogre/giant club[an ogre mage] (13)]
 54615 | Vaults:4 | HP: 6/194 [stone giant (31)]
 55899 | Depths:1 | Entered Level 1 of the Depths
 56054 | Depths:1 | Reached XP level 22. HP: 189/202 MP: 20/20
 56104 | Depths:1 | Received a gift from Trog
 56896 | Depths:1 | Found a gateway to Hell.
 56904 | Depths:1 | Received a gift from Trog
 57801 | Depths:2 | Paralysed by a giant eyeball for 4 turns
 58007 | Depths:2 | Received a gift from Trog
 58423 | Depths:2 | Noticed the Enchantress
 58462 | Depths:2 | Killed the Enchantress
 58520 | Depths:2 | Got an ancient bronze amulet
 58814 | Depths:2 | Found Elek's Weapon Boutique.
 59045 | Depths:2 | Reached XP level 23. HP: 157/209 MP: 21/21
 59178 | Depths:2 | Found Qokhlarhen's Magic Scroll Boutique.
 59181 | Depths:2 | Bought a scroll of blinking for 105 gold pieces
 59181 | Depths:2 | Bought a scroll of identify for 28 gold pieces
 59181 | Depths:2 | Bought a scroll of teleportation for 42 gold pieces
 59181 | Depths:2 | Bought a scroll of magic mapping for 49 gold pieces
 59181 | Depths:2 | Bought a scroll of identify for 28 gold pieces
 59181 | Depths:2 | Bought a scroll of magic mapping for 49 gold pieces
 59182 | Depths:2 | Identified the amulet "Docvuoli" {Faith rC-} (You found it on level 2 of the Depths)
 59615 | Depths:3 | Noticed Wiglaf
 59635 | Depths:3 | Killed Wiglaf
 59770 | Depths:3 | Mangled by a deep troll

Action                   |  1- 3 |  4- 6 |  7- 9 | 10-12 | 13-15 | 16-18 | 19-21 | 22-24 || total
-------------------------+-------+-------+-------+-------+-------+-------+-------+-------++-------
Melee: Mace              |    60 |   328 |    22 |       |       |       |       |       ||   410
       Flail             |       |       |    76 |       |       |       |       |       ||    76
       Hammer            |       |       |   276 |   793 |  1359 |       |       |       ||  2428
       Demon whip        |       |       |       |       |   626 |  1515 |  1487 |   602 ||  4230
Invok: Berserk           |     2 |     3 |     3 |     3 |     8 |     2 |     1 |     2 ||    24
       Burn Spellbooks   |       |       |     1 |     1 |     1 |     2 |     1 |     2 ||     8
       Trog's Hand       |       |       |       |       |     3 |     4 |    10 |     1 ||    18
       Brothers in Arms  |       |       |       |       |     1 |    11 |     8 |     2 ||    22
Evoke: Wand              |       |       |     2 |    11 |     8 |    11 |     1 |     1 ||    34
  Use: Scroll            |       |     2 |    13 |     9 |    17 |    18 |    13 |     5 ||    77
       Potion            |       |       |     1 |       |     5 |    13 |    10 |     6 ||    35
 Stab: Distracted        |       |       |       |       |       |       |     1 |       ||     1
